 Dungeon Crawl Stone Soup version 0.29-a0-1061-gbc57f8fbdb (webtiles) character file.

Game seed: 15130421677409368525

137 sallazang the Poker (level 5, 0/39 (44) HPs)
             Began as a Minotaur Gladiator on Aug 18, 2022.
             Succumbed to an orc wizard's poison
             ... on level 3 of the Dungeon.
             The game lasted 00:04:13 (3239 turns).

sallazang the Poker (Minotaur Gladiator)            Turns: 3239, Time: 00:04:14

HP:   0/39 (44)     AC:  4    Str: 20    XL:     5   Next: 0%
MP:   4/4           EV: 12    Int:  5    God:
Gold: 101           SH:  0    Dex: 12    Spells: 4/4 levels left

rFire   . . .      SeeInvis .   a - +0 trident
rCold   . . .      Faith    .   (no shield)
rNeg    . . .      Spirit   .   b - +0 leather armour
rPois   .          Reflect  .   c - +0 hat
rElec   .          Harm     .   i - +0 cloak
rCorr   .          Rampage  .   (no gloves)
Will    .....                   (no boots)
Stlth   +.........              (no amulet)
HPRegen 0.13/turn               (no ring)
MPRegen 0.09/turn               (no ring)

@: lethally poisoned (0 -> -21), heavily drained
A: horns 2, retaliatory headbutt
a: no special abilities


You were on level 3 of the Dungeon.
You visited 1 branch of the dungeon, and saw 3 of its levels.

You collected 101 gold pieces.

Inventory:

Hand Weapons
 a - a +0 trident (weapon)
 s - a +0 halberd
Missiles
 d - 5 throwing nets (quivered)
 e - a javelin
Armour
 b - a +0 leather armour (worn)
 c - a +0 hat (worn)
 i - a +0 cloak (worn)
Jewellery
 p - a ring of positive energy
Scrolls
 f - 5 scrolls of teleportation {unknown}
 g - 2 scrolls of poison {unknown}
 k - 2 scrolls of magic mapping {unknown}
 m - a scroll of summoning {unknown}
 n - 3 scrolls of identify {unknown}
 o - a scroll of vulnerability {unknown}
 q - 3 scrolls of enchant armour {unknown}
 r - a scroll of fear {unknown}
Potions
 h - a potion of magic {unknown}
 j - a potion of lignification {unknown}
 l - 2 potions of brilliance {unknown}
 t - a potion of might {unknown}
 u - a potion of cancellation {unknown}
 v - a potion of degeneration {unknown}


   Skills:
 + Level 2.8 Fighting
 + Level 5.5 Polearms
 - Level 2.0 Throwing
 * Level 3.3 Armour
 - Level 3.2 Dodging
 + Level 0.6 Stealth


You had 4 spell levels left.
You didn't know any spells.
Your spell library was empty.

Dungeon Overview and Level Annotations

Branches:
Dungeon (3/15)

Altars:
Yredelemnul


Innate Abilities, Weirdness & Mutations

You have a pair of horns on your head.
You reflexively headbutt those who attack you in melee.


Message History

The orc wizard closely misses you.
You barely miss the orc wizard.
The orc wizard is moderately wounded.
The orc wizard casts a spell at you. You resist with some effort.
You closely miss the orc wizard.
The orc wizard is moderately wounded.
The orc wizard points at you and mumbles some strange words.
The puff of flame hits you!
You're too confused to move!
The orc wizard barely misses you.
You miss the orc wizard.
The orc wizard is moderately wounded.
The orc hits you with a +0 mace.
The orc hits you with a +2 flail of draining!
You feel drained.
* * * LOW HITPOINT WARNING * * *
The orc wizard points at you and mumbles some strange words.
The magic dart hits you.
* * * LOW HITPOINT WARNING * * *
The orc wizard gestures wildly while chanting.
The orc wizard flickers and vanishes!
Deactivating autopickup; reactivate with Ctrl-A.
You closely miss the orc.
You feel less confused. The orc hits you but does no damage.
The orc hits you with a +2 flail of draining.
* * * LOW HITPOINT WARNING * * *
You feel drained.
You puncture the orc!
You kill the orc!
The orc completely misses you.
You miss something. Your headbutt misses something. The orc barely misses you.
You furiously retaliate!
You headbutt the orc!
You kill the orc!
Something hits you but does no damage.
You are lethally poisoned!
You have reached level 5!
Something hits you but does no damage.
You are more poisoned.
You die...

#.# #...# #.# ###.# ###.#
#.# #...###### ####.#####
.........# #........#
........## #.##.###.#
........# #.##.#
~.......#########.##$#
~..~~...~##.....@..#.#
..~..~..~~#######o{#..
.⌠~..~..~~#......o.......#
.~⌠.~...~~#.#####....###.#
.~..~..~~~# #.##.#
~..~..~~~## #.##.#
...~..~.## #.# ..
....~~..### ... ..
........#.#### .# .##


You could see 2 orcs.

Vanquished Creatures
  A howler monkey zombie (D:2)
  8 gnolls
  An adder (D:2)
  A dart slug (D:1)
  5 orcs (D:3)
  8 ball pythons
  A bat (D:3)
  2 endoplasms (D:2)
  3 giant cockroaches
  4 goblins
  3 hobgoblins
  2 quokkas
  2 frilled lizards (D:1)
  4 kobolds
  A rat (D:1)
46 creatures vanquished.

Notes
Turn   | Place    | Note
-------+----------+-------------------------------------------
     0 | D:1      | sallazang the Minotaur Gladiator began the quest for the
                  | Orb.
     0 | D:1      | Reached XP level 1. HP: 18/18 MP: 0/0
    59 | D:1      | Found a faded altar of an unknown god.
    60 | D:1      | Noticed a shining eye
    62 | D:1      | Noticed a floating eye
    72 | D:1      | Noticed a shining eye
    72 | D:1      | Noticed a floating eye
    78 | D:1      | Prayed at the altar of an unknown god.
    78 | D:1      | Became a worshipper of Yredelemnul the Dark
    78 | D:1      | Reached * piety under Yredelemnul
    81 | D:1      | Fell from the grace of Yredelemnul
   172 | D:1      | Reached skill level 4 in Polearms
   238 | D:1      | Reached XP level 2. HP: 25/25 MP: 1/1
   251 | D:1      | Reached skill level 1 in Armour
   925 | D:2      | Reached XP level 3. HP: 29/29 MP: 2/2
  1907 | D:3      | Reached skill level 5 in Polearms
  1916 | D:2      | Reached XP level 4. HP: 9/37 MP: 3/3
  3239 | D:3      | Reached XP level 5. HP: 5/39 MP: 4/4
  3239 | D:3      | Succumbed to an orc wizard's poison

Illustrated notes

Levels and vault maps discovered:
D:1:      minmay_arrival_three_doors, layout_basic,
          hellmonk_ecumenical_altar_watching_god, serial_corexii_hall,
          corexii_hall_statues_i, chequers_hall_statues_y,
          chequers_serial_rivers_room_b, chequers_jeans
D:2:      layout_basic
D:3:      cheibrodos_helix_gallery, layout_loops_ring

Skill      XL: |  1  2  3  4 |
---------------+-------------+-----
Polearms       | 4 5 |  5.5
Armour         | 1 2 3 |  3.3
Fighting       | |  2.8
Throwing       | |  2.0
Dodging        | |  3.2
Stealth        | |  0.6

Action                   |  1- 3 |  4- 6 || total
-------------------------+-------+-------++-------
Melee: Trident           |    74 |    38 ||   112
       Headbutt          |     7 |     2 ||     9
Invok: Renounce Religion |     1 |       ||     1
 Stab: Sleeping          |       |     1 ||     1
Armor: Leather armour    |    15 |     4 ||    19
Dodge: Dodged            |    42 |    35 ||    77

Table legend: (Time is in decaauts)
 A = Elapsed time spent in this place.
 B = Non-inter-level travel time spent in this place.
 C = Inter-level travel time spent in this place.
 D = Time resting spent in this place.
 E = Time spent auto-exploring this place.
 F = Levels seen in this place.
 G = Mean time per level.
                   A        B        C        D        E       F      G
               +--------+--------+--------+--------+--------+-----+--------+
         Total |   3254 |   3190 |     64 |    682 |   2018 |   3 | 1084.7 |
       Dungeon |   3254 |   3190 |     64 |    682 |   2018 |   3 | 1084.7 |
               +--------+--------+--------+--------+--------+-----+--------+

Top non-repeatable levels by time:
     D:2: 1428 daAuts
     D:3: 969 daAuts
     D:1: 857 daAuts
